AoeStats
← Dad16456

Nomad

510214304Analyzed
2v2 RM · 3d ago on Sep 30, 2026· 38m 49s· 4 players
Game mode
Random Map
Map size
176×176
Population
200
Speed
Normal
Resources
Standard
Victory
Conquest
Starting age
Dark Age
Ending age
Imperial Age
RankedLock teamsTeams togetherTeam positionsShared explorationLock speedFull tech treeHidden civsTurbo modeCheats
Victory
Defeat
🇦🇷 Italians · Argentina
893
+16
🇬🇧 Malay · United Kingdom
849
+18
🇧🇷 Vikings · Brazil
926
-19
🇧🇷 Khmer · Brazil
848
-15
Dad16456
12:43 Feudal Age
13:09 Wheelbarrow
12:57 Double-Bit Axe
15:13 Loom
20:57 Castle Age
21:07 Hand Cart
25:13 Town Watch
30:09 Squires
29:54 Arson
32:26 Forging
36:08 Imperial Age
35:04 Elite Karambit Warrior
37:42 Conscription
38:14 Light Cavalry
38:54 Husbandry
Cheu7855
3:37 Loom
13:45 Feudal Age
22:01 Castle Age
21:50 Double-Bit Axe
21:58 Stone Mining
27:13 Wheelbarrow
26:24 Town Watch
26:51 Bow Saw
27:24 Stone Shaft Mining
26:37 Fishing Lines
30:57 Imperial Age
30:09 Gold Mining
30:07 Horse Collar
30:41 Fletching
30:51 Padded Archer Armor
36:54 Chemistry
36:15 Ballistics
36:07 Masonry
35:49 Elite Genoese Crossbowman
36:40 Bodkin Arrow
37:35 Bracer
38:39 Gillnets
JLT_Shinoub
13:40 Loom
15:51 Feudal Age
17:30 Wheelbarrow
16:40 Loom
16:50 Double-Bit Axe
20:23 Castle Age
18:23 Horse Collar
21:47 Hand Cart
21:27 Stone Mining
21:30 Gold Mining
23:44 Medium Warships
27:35 Bloodlines
27:25 Husbandry
33:58 Gold Shaft Mining
34:01 Stone Shaft Mining
34:07 Stone Shaft Mining
34:01 Elite Skirmisher
34:23 Light Cavalry
38:14 Town Watch
FREDERICUS-HERECTUS
3:16 Loom
4:33 Loom
16:31 Feudal Age
17:57 Town Watch
18:06 Gold Mining
18:04 Double-Bit Axe
18:06 Horse Collar
18:22 Stone Mining
17:55 Man-at-Arms
25:27 Castle Age
23:57 Forging
23:38 Fletching
23:49 Scale Mail Armor
24:21 Padded Archer Armor
26:23 Bodkin Arrow
25:57 Elite Skirmisher
27:15 Squires
28:42 Ballistics
31:25 Long Swordsman
31:52 Arson
35:31 Bow Saw
36:33 Masonry
Connection lost

Rejoining the realm…

Still unreachable

The connection could not be restored.

Session expired

The server has moved on; the page needs a fresh start.